 Dungeon Crawl Stone Soup version 0.29-a0-416-g83a48905f1 (webtiles) character file.

Game seed: 9651008760457166073

11 Hubjo the Firebug (level 2, 0/16 HPs)
             Began as a Deep Elf Fire Elementalist on May 16, 2022.
             Slain by a gnoll
             ... wielding a +0 flail
              (11 damage)
             ... on level 1 of the Dungeon.
             The game lasted 00:00:39 (542 turns).

Hubjo the Firebug (Deep Elf Fire Elementalist)       Turns: 542, Time: 00:00:40

Health: 0/16       AC:  2    Str:  5    XL:     2   Next: 13%
Magic:  5/8        EV: 12    Int: 19    God:
Gold:   4          SH:  0    Dex: 15    Spells: 6/7 levels left

rFire   . . .      SeeInvis .   (no weapon)
rCold   . . .      Faith    .   (no shield)
rNeg    . . .      Spirit   .   a - +0 robe
rPois   .          Reflect  .   (no helmet)
rElec   .          Harm     .   (no cloak)
rCorr   .          Rampage  .   (no gloves)
Will    .....                   (no boots)
Stlth   ++........              (no amulet)
HPRegen 0.05/turn               (no ring)
MPRegen 0.11/turn               (no ring)

@: no status effects
A: no striking features
a: no special abilities


You were on level 1 of the Dungeon.
You visited 1 branch of the dungeon, and saw 1 of its levels.

You collected 4 gold pieces.

Inventory:

Armour
 a - a +0 robe (worn)
Jewellery
 d - a ring of protection from fire
 e - an amulet of magic regeneration
Scrolls
 c - 3 scrolls of fog {unknown}
Potions
 b - a potion of magic


   Skills:
 * Level 0.7 Fighting
 - Level 2.4 Dodging
 + Level 2.7 Stealth
 + Level 3.2 Spellcasting
 - Level 1.1 Conjurations
 + Level 3.4 Fire Magic


You had 6 spell levels left.
You knew the following spells:

 Your Spells              Type           Power      Damage    Failure   Level
a - Foxfire               Conj/Fire      44%        2x1d6     6%          1

Your spell library contained the following spells:

 Spells                   Type           Power      Damage    Failure   Level
 Scorch                   Fire           32%        2d6       5%          2
 Conjure Flame            Conj/Fire      11%        6-21      17%         3
 Inner Flame              Hex/Fire       9%         N/A       22%         3
 Flame Wave               Conj/Fire      11%        2d5       50%         4


Dungeon Overview and Level Annotations

Branches:
Dungeon (1/15)

Altars:


Message History

The quokka bites you but does no damage.
The foxfire hits the quokka.
You kill the quokka!
You now have 4 gold pieces.
You open the door.
There is an open door here.
d - a ring of protection from fire You conjure some foxfire!
Your foxfire dissipates! x2
Key pressed, stopping explore.
You conjure some foxfire!
You conjure some foxfire!
Your foxfire dissipates!
Your foxfire dissipates!
e - an amulet of magic regeneration You conjure some foxfire!
Your foxfire dissipates!
You open the door.
A gnoll, a quokka and a bat come into view.
The bat barely misses you. x2
Found a scroll labelled WAISCH BIUDDU.
You conjure some foxfire!
The foxfire hits the bat.
You kill the bat!
The gnoll shouts!
A goblin comes into view. It is wielding a +0 dagger.
There are monsters nearby!
You conjure some foxfire!
The quokka twitches its whiskers.
There are monsters nearby!
The foxfire hits the gnoll.
The gnoll is heavily wounded.
You conjure some foxfire!
The foxfire hits the gnoll.
The gnoll is heavily wounded.
There are monsters nearby!
There is not enough space to conjure foxfire!
The gnoll hits you with a +0 flail. The gnoll attacks as you move away!
The gnoll closely misses you.
You conjure some foxfire!
The gnoll hits you with a +0 flail!
Ouch! That really hurt!
You die...

#.###.##. #.# #.#........
#.# #.#####.##. #+ #.# #.#
#...#. ... #.# # #.# #...##
.?.. #.###.# #.# #...##
..... #.#.#.###.# #.##.#
......###.v.......####.#...
......g.rg@................
......###v....###.####.#...
..... #.#..## #.# #.##.#
.... #.##.####.# #.#### ...
#.........# #.# #+
####.###### #.# ## #.#
#.###. #.# #...#. #.#
##..#.


You could see a gnoll (ally target), a quokka and a goblin.

Vanquished Creatures
  A ball python (D:1)
  2 endoplasms (D:1)
  A hobgoblin (D:1)
  A kobold (D:1)
  2 quokkas (D:1)
  A bat (D:1)
  A frilled lizard (D:1)
9 creatures vanquished.

Vanquished Creatures (others)
  38 foxfires (D:1)
38 creatures vanquished.

Grand Total: 47 creatures vanquished

Notes
Turn   | Place    | Note
-------+----------+-------------------------------------------
     0 | D:1      | Hubjo the Deep Elf Fire Elementalist began the quest for
                  | the Orb.
     0 | D:1      | Reached XP level 1. HP: 10/10 MP: 6/6
   309 | D:1      | Reached XP level 2. HP: 16/16 MP: 4/8
   542 | D:1      | Slain by a gnoll

Illustrated notes

Levels and vault maps discovered:
D:1:      lightli_arrival_statue_moat, layout_loops_corners,
          hellmonk_ecumenical_altar_heavens_door

Action                   || total
-------------------------++-------
 Cast: Foxfire           ||    33
Armor: Robe              ||     1
Dodge: Dodged            ||     6

Table legend: (Time is in decaauts)
 A = Elapsed time spent in this place.
 B = Non-inter-level travel time spent in this place.
 C = Inter-level travel time spent in this place.
 D = Time resting spent in this place.
 E = Time spent auto-exploring this place.
 F = Levels seen in this place.
 G = Mean time per level.
                   A        B        C        D        E       F      G
               +--------+--------+--------+--------+--------+-----+--------+
         Total |    542 |    542 |      0 |      0 |    456 |   1 |  542.0 |
       Dungeon |    542 |    542 |      0 |      0 |    456 |   1 |  542.0 |
               +--------+--------+--------+--------+--------+-----+--------+

Top non-repeatable levels by time:
     D:1: 542 daAuts
